 Dungeon Crawl Stone Soup version 0.22-a0-567-gff9aefc (webtiles) character file.

20349 Ijustatesigmund the Holy Warrior (level 12, -1/79 HPs)
             Began as a Gargoyle Fighter on June 29, 2018.
             Was a Priest of the Shining One.
             Slain by a spark wasp (4 damage)
             ... on level 12 of the Dungeon.
             The game lasted 00:23:36 (11300 turns).

Ijustatesigmund the Holy Warrior (GrFi)            Turns: 11300, Time: 00:23:37

Health: -1/79      AC: 37    Str: 19    XL:     12   Next: 78%
Magic:  0/20       EV: 11    Int: 11    God:    the Shining One [***...]
Gold:   621        SH: 21    Dex: 13    Spells: 11/11 levels left

rFire    + . .     SeeInvis .   a - +3 flail (protect)
rCold    . . .     Gourm    .   c - +0 shield
rNeg     + + .     Faith    .   x - +2 chain mail {rPois}
rPois    ∞         Spirit   +   (no helmet)
rElec    +         Reflect  .   F - +0 cloak
rCorr    .         Harm     .   k - +2 pair of gloves
MR       .....                  e - +2 pair of boots
Stlth    ..........             h - amulet of guardian spirit
HPRegen  0.23/turn              y - ring of protection from fire
MPRegen  0.17/turn              B - +3 ring of evasion

@: divine shield, about to teleport, protection aura, flying, glowing
A: negative energy resistance 1, electricity resistance, unbreathing,
petrification resistance, rot immunity, AC +8
a: Divine Shield, Renounce Religion


You were on level 12 of the Dungeon.
You worshipped the Shining One.
The Shining One was most pleased with you.
You were not hungry.

You visited 1 branch of the dungeon, and saw 12 of its levels.

You collected 789 gold pieces.
You spent 168 gold pieces at shops.

Inventory:

Hand Weapons
 a - a +3 flail of protection (weapon)
Missiles
 D - 8 silver javelins (quivered)
Armour
 c - a +0 shield (worn)
 e - a +2 pair of boots (worn)
 k - a +2 pair of gloves (worn)
 x - a +2 chain mail of poison resistance (worn)
 A - a +2 leather armour of magic resistance
 F - a +0 cloak (worn)
Jewellery
 h - an amulet of guardian spirit (around neck)
 u - an uncursed ring of fire
 y - a ring of protection from fire (left hand)
 B - a +3 ring of evasion (right hand)
Wands
 b - a wand of iceblast (2)
 o - a wand of polymorph (19)
 C - a wand of paralysis (7)
Scrolls
 d - a scroll of vulnerability {unknown}
 i - 3 scrolls of remove curse
 l - 3 scrolls of fog
 n - a scroll of enchant armour
 q - a scroll of blinking {unknown}
 s - 5 scrolls of teleportation
 v - a scroll of enchant weapon
 z - 3 scrolls of amnesia
 G - a scroll of identify
Potions
 g - 4 potions of lignification
 j - a potion of brilliance
 m - a potion of invisibility
 r - 6 potions of curing
 t - a potion of cancellation {unknown}
 w - a potion of flight
Comestibles
 f - 20 rations
 p - 5 chunks of flesh


   Skills:
 + Level 10.8 Fighting
 + Level 10.6 Maces & Flails
 + Level 8.9 Armour
 - Level 5.0 Dodging
 - Level 7.6 Shields
 + Level 11.3 Invocations


You had 11 spell levels left.
You didn't know any spells.
Your spell library contained the following spells:

 Spells                   Type           Power        Failure   Level  Hunger
 Magic Dart               Conj           #...         100%        1    ##.....
 Apportation              Tloc           #.....       100%        1    ##.....
 Confuse                  Hex            #.......     100%        3    ####...
 Summon Small Mammal      Summ           #...         100%        1    ##.....
 Lehudib's Crystal Spear  Conj/Erth      #.........   100%        8    #######
 Fire Storm               Conj/Fire      #.........   100%        9    #######
 Iskenderun's Mystic Bla  Conj           #.......     100%        4    #####..
 Animate Skeleton         Necr           N/A          100%        1    ##.....
 Summon Ice Beast         Ice/Summ       #.......     100%        4    #####..
 Call Imp                 Summ           #.......     100%        2    ###....
 Poison Arrow             Conj/Pois      #.........   100%        6    #######
 Glaciate                 Conj/Ice       #.........   100%        9    #######
 Confusing Touch          Hex            #.....       100%        1    ##.....
 Call Canine Familiar     Summ           #.......     100%        3    ####...
 Metabolic Englaciation   Hex/Ice        #.........   100%        5    ######.
 Chain Lightning          Conj/Air       #.........   100%        8    #######
 Petrify                  Tmut/Erth      #.......     100%        4    #####..
 Fulminant Prism          Conj/Hex       #.........   100%        4    #####..
 Dazzling Spray           Conj/Hex       #.....       100%        3    ####...
 Force Lance              Conj/Tloc      #.......     100%        4    #####..
 Searing Ray              Conj           #.....       100%        2    ###....
 Summon Lightning Spire   Summ/Air       #.......     100%        4    #####..
 Summon Guardian Golem    Hex/Summ       #.......     100%        3    ####...
 Gell's Gravitas          Tloc           #.........   100%        3    ####...
 Yara's Violent Unravell  Hex/Tmut       #.........   100%        5    ######.


Dungeon Overview and Level Annotations

Branches:
Dungeon (12/15)            Temple (0/1) D:6            Lair (0/6) D:8
    Orc (0/2) D:11

Altars:
Cheibriados
Dithmenos
Makhleb
Okawaru
Ru
Sif Muna
Trog
Uskayaw
Yredelemnul
The Shining One

Shops:
D:7 !

Annotations:
D:4 2 runed doors, Hebeh's ghost, novice MiFi


Innate Abilities, Weirdness & Mutations

You are resistant to torment.
Your stone body is resilient. (AC +8)
You are immune to poison.
You resist negative energy. (rN+)
You are resistant to electric shocks. (rElec)
You can survive without breathing.
You are immune to petrification.
You are immune to rotting.


Message History

The acid dragon spits acid at you. The splash of acid hits you!
* * * LOW HITPOINT WARNING * * *
You are splashed with acid!
The acid burns!
* * * LOW HITPOINT WARNING * * *
The manticore bites you but does no damage.
You block the manticore's attack. The manticore closely misses you.
The spark wasp stings you!
* * * LOW HITPOINT WARNING * * *
The spark wasp shocks you. You resist.
* * * LOW HITPOINT WARNING * * *
As you read the scroll of teleportation, it crumbles to dust.
You feel strangely unstable. The acid dragon spits acid at you.
You block the splash of acid. You block the manticore's attack.
The manticore barely misses you. You block the manticore's attack.
The spark wasp barely misses you.
As you read the scroll of fog, it crumbles to dust.
The scroll dissolves into smoke.
The spark wasp stings you.
You die...

#...###..#.....####..###...
##.#.#.##.#########........
#.##.##...## ........###.
#.##.#.###.###.###..#.# ##
#...[..###.....# #..#.#
#....#.##.....####..#.#
#.#..##.§............ #
#.......§§§.....D....
#....####@#.#.## #....#
#Hy§..# #....# #§#§###
#...## #.#.# #... ..# #
#... .... ##.. ..$..
..$_..# ........


You could see a spark wasp, a manticore and an acid dragon.

Vanquished Creatures
  Snorg (D:11)
  7 two-headed ogres
  Erica (D:11)
  Urug (D:11)
  3 unseen horrors
  The ghost of Zgarb the Caller, a novice VSSu of Ashenzari (D:7)
  A cyclops (D:12)
  A deep elf mage (D:12)
  An ugly thing (D:11)
  A slime creature (D:12)
  Joseph (D:7)
  Maurice (D:10)
  A komodo dragon (D:8)
  4 trolls
  2 hippogriffs
  17 yaks
  Sigmund (D:6)
  3 wyverns
  A steam dragon (D:12)
  A hungry ghost (D:10)
  Menkaure (D:5)
  Edmund (D:5)
  A water moccasin (D:6)
  A floating eye (shapeshifter) (D:12)
  4 orc warriors
  4 ice beasts
  3 phantoms
  3 ogres
  A necrophage (D:11)
  4 centaurs
  2 big kobolds
  6 bullfrogs
  2 scorpions
  6 killer bees
  3 wights (D:11)
  An electric eel (D:7)
  A howler monkey (D:10)
  2 centaur zombies
  8 crimson imps
  A quasit (D:8)
  6 orc priests
  4 bullfrog zombies
  6 hounds
  4 jellies
  12 orc wizards
  2 iguanas
  3 worker ants
  A howler monkey zombie (D:7)
  A worker ant zombie (D:7)
  14 adders
  4 shadow imps
  2 dart slugs
  3 leopard geckos
  44 orcs
  6 bats
  4 giant cockroaches
  4 hobgoblins
  4 jackals (D:3)
  6 quokkas
  A ball python (D:2)
  4 frilled lizards (D:1)
  10 goblins
  A jackal skeleton (D:4)
  16 kobolds
  A leopard gecko skeleton (D:6)
  10 rats
  2 fungi (D:8)
  2 plants (D:8)
282 creatures vanquished.

Notes
Turn   | Place    | Note
-------+----------+-------------------------------------------
     0 | D:1      | Ijustatesigmund the Gargoyle Fighter began the quest for the Orb.
     0 | D:1      | Reached XP level 1. HP: 14/14 MP: 1/1
    80 | D:1      | Reached XP level 2. HP: 15/19 MP: 2/2
   444 | D:1      | Found an iron altar of Okawaru.
   467 | D:1      | Reached XP level 3. HP: 22/24 MP: 3/3
  1089 | D:2      | Found a basalt altar of Yredelemnul.
  1842 | D:3      | Found a glowing golden altar of the Shining One.
  1863 | D:3      | Became a worshipper of the Shining One
  2200 | D:3      | Found a shadowy altar of Dithmenos.
  2299 | D:3      | Reached XP level 4. HP: 27/29 MP: 4/4
  2635 | D:4      | Reached XP level 5. HP: 8/34 MP: 1/5
  3086 | D:4      | Found a runed door.
  3113 | D:4      | Reached skill level 5 in Maces & Flails
  3113 | D:4      | Reached XP level 6. HP: 38/40 MP: 6/6
  3116 | D:4      | Noticed Hebeh's ghost (novice MiFi)
  3134 | D:4      | Found a runed door.
  3398 | D:4      | Noticed a phantom
  3407 | D:4      | Killed a phantom
  3407 | D:4      | Reached skill level 5 in Fighting
  3504 | D:4      | Reached * piety under the Shining One
  3813 | D:4      | Found a sacrificial altar of Ru.
  3919 | D:5      | Entered Level 5 of the Dungeon
  3929 | D:5      | Reached XP level 7. HP: 34/44 MP: 7/7
  4323 | D:5      | Reached skill level 1 in Invocations
  4394 | D:5      | Noticed Edmund
  4401 | D:5      | Noticed Menkaure
  4412 | D:5      | Killed Menkaure
  4412 | D:5      | Reached skill level 2 in Invocations
  4421 | D:5      | Killed Edmund
  4421 | D:5      | Reached XP level 8. HP: 48/52 MP: 8/10
  4439 | D:5      | Found a snail-covered altar of Cheibriados.
  4627 | D:5      | Reached skill level 3 in Invocations
  4889 | D:6      | Found a staircase to the Ecumenical Temple.
  4936 | D:6      | Noticed Sigmund
  4943 | D:6      | Killed Sigmund
  5005 | D:6      | Reached skill level 4 in Invocations
  5011 | D:6      | Reached ** piety under the Shining One
  5084 | D:6      | Found a burning altar of Makhleb.
  5084 | D:6      | Found a deep blue altar of Sif Muna.
  5249 | D:6      | Noticed a wyvern
  5257 | D:6      | Killed a wyvern
  5257 | D:6      | Reached skill level 5 in Invocations
  5257 | D:6      | Reached XP level 9. HP: 53/59 MP: 9/12
  5597 | D:7      | Found a runed door.
  5601 | D:7      | Noticed Zgarb's ghost (novice VSSu)
  5632 | D:7      | Killed Zgarb's ghost
  5679 | D:7      | Noticed an unseen horror
  5696 | D:7      | Killed an unseen horror
  5696 | D:7      | Reached skill level 6 in Invocations
  5728 | D:7      | Noticed Joseph
  5751 | D:7      | Killed Joseph
  5751 | D:7      | Reached skill level 7 in Invocations
  5873 | D:7      | Reached XP level 10. HP: 40/66 MP: 8/15
  6031 | D:7      | Found a bloodstained altar of Trog.
  6154 | D:7      | Found Ymurch's Distillery.
  6157 | D:7      | Bought a potion of heal wounds for 60 gold pieces
  6157 | D:7      | Bought a potion of heal wounds for 60 gold pieces
  6157 | D:7      | Bought a potion of agility for 48 gold pieces
  6621 | D:8      | Reached skill level 8 in Invocations
  6783 | D:8      | Noticed a two-headed ogre
  6796 | D:8      | Killed a two-headed ogre
  6796 | D:8      | Reached skill level 1 in Dodging
  6969 | D:8      | Found a staircase to the Lair.
  7590 | D:9      | Reached skill level 5 in Armour
  7590 | D:9      | Reached skill level 5 in Shields
  7590 | D:9      | Reached XP level 11. HP: 56/72 MP: 13/17
  7601 | D:9      | Reached skill level 9 in Invocations
  8096 | D:10     | Entered Level 10 of the Dungeon
  8474 | D:10     | Reached *** piety under the Shining One
  8724 | D:10     | Noticed an unseen horror
  8737 | D:10     | Killed an unseen horror
  8786 | D:10     | Noticed Maurice
  8806 | D:10     | Killed Maurice
  8806 | D:10     | Reached skill level 10 in Invocations
  8977 | D:10     | Noticed a two-headed ogre
  8989 | D:10     | Killed a two-headed ogre
  9174 | D:11     | Noticed Erica
  9182 | D:11     | Killed Erica
  9203 | D:11     | Noticed a two-headed ogre
  9216 | D:11     | Killed a two-headed ogre
  9216 | D:11     | Reached XP level 12. HP: 57/77 MP: 12/19
  9257 | D:11     | Noticed Urug
  9300 | D:11     | Killed Urug
  9300 | D:11     | Reached skill level 5 in Dodging
  9766 | D:11     | Noticed Snorg
  9794 | D:11     | HP: 1/77 [Snorg (11)]
  9802 | D:11     | HP: 1/77 [Snorg (1)]
  9811 | D:11     | Found a staircase to the Orcish Mines.
 10177 | D:11     | Reached skill level 10 in Fighting
 10222 | D:11     | Killed Snorg
 10222 | D:11     | Reached skill level 10 in Maces & Flails
 11090 | D:12     | Noticed a two-headed ogre
 11103 | D:12     | Killed a two-headed ogre
 11110 | D:12     | Noticed a two-headed ogre
 11122 | D:12     | Killed a two-headed ogre
 11122 | D:12     | Reached skill level 11 in Invocations
 11167 | D:12     | Noticed a two-headed ogre
 11177 | D:12     | Killed a two-headed ogre
 11251 | D:12     | Found a hide-covered altar of Uskayaw.
 11252 | D:12     | Noticed a two-headed ogre
 11255 | D:12     | Noticed a spark wasp
 11255 | D:12     | a slime creature changed into a spark wasp
 11264 | D:12     | Killed a two-headed ogre
 11298 | D:12     | HP: 2/79 [spark wasp (2)]
 11300 | D:12     | Slain by a spark wasp

Vault maps used:
D:1:      mrwooster_arrival_arrow, okawaru_ov_weapons_minmay
D:2:      yredelemnul_altar_generic, minmay_misc_feat_ornament
D:3:      overflow_temple_1_default, lemuel_doored_altar, first_ration,
          minmay_statues_item
D:4:      cheibrodos_old_hovel, nicolae_ru_great_annihilating_truth,
          ebering_ghost_sewer_f, skrybe_limestone_x
D:5:      basic_altar, grunt_decor_cap, uniq_edmund, uniq_menkaure
D:6:      gammafunk_temple_overflow_statue, minmay_temple_entry_large_hall,
          lemuel_another_geyser, uniq_sigmund
D:7:      ebering_ghost_reflecting_pool, serial_shops, kennysheep_mini_moat,
          serial_bayou_lagoon_a, trog_three_pillars_becter, uniq_joseph
D:8:      dpeg_oklobed_lair
D:10:     grunt_ogre_cave, grunt_ministairs_11, uniq_maurice
D:11:     orc_0_dummy, uniq_urug, uniq_erica, uniq_snorg
D:12:     basic_altar

Skill      XL: |  1  2  3  4  5  6  7  8  9 10 11 12 |
---------------+-------------------------------------+-----
Maces & Flails | 3 4 5 6 8 9 10 | 10.6
Fighting       | 4 5 6 7 9 10 | 10.8
Invocations    | 2 5 7 8 10 11 | 11.3
Armour         | 5 7 8 |  8.9
Dodging        | 2 4 5 |  5.0
Shields        | 5 7 |  7.6

Action                   |  1- 3 |  4- 6 |  7- 9 | 10-12 || total
-------------------------+-------+-------+-------+-------++-------
Melee: Flail             |   137 |   149 |   212 |   798 ||  1296
Throw: Javelin           |       |       |       |     2 ||     2
Invok: Divine Shield     |       |       |     2 |    14 ||    16
Evoke: Wand              |       |       |       |    11 ||    11
  Use: Scroll            |     7 |     3 |     7 |     7 ||    24
       Potion            |       |     2 |       |     7 ||     9
  Eat: Chunk             |     4 |     5 |     5 |    15 ||    29
       Ration            |       |       |     1 |     1 ||     2
Armor: Scale mail        |    59 |    97 |   103 |       ||   259
       Leather armour    |       |       |    12 |   286 ||   298
       Chain mail        |       |       |       |   109 ||   109
Dodge: Dodged            |    43 |    42 |    47 |   382 ||   514
Block: Shield            |    74 |    90 |    87 |   601 ||   852

Table legend:
 A = Spawn XP
 B = Non-spawn XP
 C = Spawn XP percentage of total XP
 D = Spawn monster count
 E = Non-spawn monster count
 F = Spawn count percentage of total count
 G = Total turns spent on level
                    A         B        C        D         E        F      G
               +---------+---------+-------+---------+---------+-------+---------
         Total |       0 |   29070 |   0.0 |       0 |     278 |   0.0 | 11300
               +---------+---------+-------+---------+---------+-------+---------
           D:1 |       0 |      49 |   0.0 |       0 |      31 |   0.0 |   907
           D:2 |       0 |       8 |   0.0 |       0 |       6 |   0.0 |   869
           D:3 |       0 |      55 |   0.0 |       0 |      16 |   0.0 |   801
           D:4 |       0 |     507 |   0.0 |       0 |      31 |   0.0 |  1494
           D:5 |       0 |     743 |   0.0 |       0 |      13 |   0.0 |   806
           D:6 |       0 |    1110 |   0.0 |       0 |      18 |   0.0 |   437
           D:7 |       0 |    2739 |   0.0 |       0 |      23 |   0.0 |  1142
           D:8 |       0 |    2392 |   0.0 |       0 |      22 |   0.0 |   757
           D:9 |       0 |    2524 |   0.0 |       0 |      31 |   0.0 |   883
          D:10 |       0 |    7021 |   0.0 |       0 |      45 |   0.0 |  1244
          D:11 |       0 |    5377 |   0.0 |       0 |      24 |   0.0 |  1622
          D:12 |       0 |    6545 |   0.0 |       0 |      18 |   0.0 |   338
               +---------+---------+-------+---------+---------+-------+---------
